AoeStats
← Jaune China

Four Lakes

507256098Analyzed
1v1 RM · 14d ago on Sep 17, 2026· 26m 53s· 2 players
Game mode
Random Map
Map size
Tiny (2 player)
Population
200
Speed
Normal
Resources
Standard
Victory
Conquest
Starting age
Dark Age
Ending age
Imperial Age
RankedLock teamsTeams togetherTeam positionsShared explorationLock speedFull tech treeHidden civsTurbo modeCheats
Victory
Defeat
🇫🇷 Bulgarians · France
775
+21
🇬🇧 Magyars · United Kingdom
707
-13
ollie1001
3:52 Loom
9:13 Feudal Age
9:53 Double-Bit Axe
9:50 Horse Collar
18:10 Wheelbarrow
19:02 Scale Barding Armor
21:45 Bloodlines
25:17 Castle Age
23:21 Man-at-Arms
25:48 Gold Mining
Jaune China
7:44 Loom
9:58 Feudal Age
11:42 Double-Bit Axe
16:34 Forging
22:17 Castle Age
21:16 Scale Barding Armor
22:44 Gold Mining
23:38 Iron Casting
23:29 Chain Barding Armor
22:46 Pikeman
Connection lost

Rejoining the realm…

Still unreachable

The connection could not be restored.

Session expired

The server has moved on; the page needs a fresh start.